Map: Oceanborn LE

Players

KatUrgitus

  • Race: Zerg Zerg
  • League: Master
  • Spawn Location: 5:00

SuGhandee - Winner!

  • Race: Protoss Protoss
  • League: Master
  • Spawn Location: 11:00

VOD

Have the link to the VOD?

Description

Time

  • Played on: Sept. 4, 2024, 12:17 a.m.
  • Length: 16:13
Show
View Real Time Build Order
Export as new Build Order

KatUrgitus Zerg 

Build Orders: Hatch First 

Get SALT Encoding   

  12  0:00  Drone  
  13  0:12  Overlord  
  13  0:16  Drone  
  14  0:30  Drone x2  
  16  0:46  Hatchery  
  16  0:49  Drone  
  16  0:54  Drone  
  16  0:57  Drone  
  18  1:09  Extractor  
  17  1:12  Spawning Pool  
  17  1:15  Drone  
  17  1:18  Drone  
  18  1:27  Drone  
  19  1:38  Drone  
  20  1:50  Drone  
  21  1:59  Drone  
  21  2:00  Drone, Queen x2  
  27  2:09  Overlord  
  27  2:12  Drone  
  28  2:18  Metabolic Boost  
  28  2:29  Drone x2  
  30  2:30  Drone  
  31  2:37  Hatchery  
  31  2:42  Zergling x4  
  32  2:47  Overlord  
  32  2:52  Queen  
  32  2:57  Drone x2  
  36  3:06  Overlord  
  36  3:12  Drone x6  
  42  3:17  Drone x2  
  44  3:21  Overlord  
  44  3:32  Drone x2  
  44  3:33  Queen  
  48  3:38  Drone  
  49  3:47  Overlord  
  49  3:48  Drone x3  
  52  3:53  Drone x2  
  52  3:54  Queen  
  52  3:55  Drone  
  57  3:59  Drone  
  57  4:00  Extractor, Drone, Roach Warren  
  57  4:01  Extractor  
  56  4:04  Drone  
  56  4:05  Drone x3  
  60  4:12  Overlord  
  60  4:13  Drone  
  60  4:15  Drone x3  
  66  4:17  Drone  
  66  4:31  Overlord x2  
  66  4:32  Extractor  
  66  4:33  Lair  
  66  4:35  Extractor  
  66  4:36  Extractor, Drone x3  
  66  4:39  Drone  
  66  4:45  Drone x2  
  69  4:47  Drone x3  
  69  4:49  Drone  
  69  4:50  Drone x2  
  69  4:52  Hatchery  
  74  4:53  Drone  
  74  4:55  Drone  
  76  5:00  Drone  
  76  5:04  Drone x3  
  80  5:10  Overlord x2  
  80  5:11  Drone  
  81  5:19  Drone x4  
  85  5:22  Drone  
  85  5:24  Drone x4  
  90  5:31  Overlord  
  90  5:38  Drone x2  
  90  5:39  Drone  
  90  5:41  Evolution Chamber  
  90  5:42  Evolution Chamber  
  91  5:45  Drone x5  
  96  5:52  Extractor  
  96  5:53  Hydralisk Den  
  96  5:54  Extractor, Drone  
  94  5:57  Overseer  
  94  5:58  Overlord x3  
  94  5:59  Drone x2  
  96  6:13  Overlord x3  
  96  6:18  Spore Crawler x2  
  92  6:20  Spore Crawler  
  92  6:22  Hydralisk x3  
  92  6:23  Hydralisk x7  
  92  6:24  Hydralisk Den  
  92  6:25  Queen x2, Hydralisk  
  115  6:38  Zerg Ground Armor Level 1, Zerg Missile Weapons Level 1  
  103  6:55  Muscular Augments  
  103  6:59  Drone x14  
  103  7:00  Drone  
  118  7:07  Overlord x2  
  118  7:08  Overlord  
  118  7:19  Extractor  
  118  7:21  Extractor  
  116  7:31  Spore Crawler x2  
  116  7:32  Spore Crawler x2  
  116  7:34  Hydralisk x10  
  116  7:35  Hydralisk  
  134  7:37  Spore Crawler  
  134  7:38  Hatchery, Spore Crawler  
  131  7:48  Hydralisk x6  
  143  7:58  Hydralisk x5  
  143  8:04  Grooved Spines  
  153  8:14  Spire  
  153  8:18  Hydralisk x6  
  153  8:19  Infestation Pit  
  162  8:33  Zerg Ground Armor Level 2, Zerg Missile Weapons Level 2  
  162  8:34  Hydralisk x4  
  162  8:40  Overseer  
  137  8:49  Hydralisk x7  
  137  8:55  Hydralisk x3  
  127  9:05  Hydralisk x5  
  137  9:13  Hydralisk  
  137  9:14  Hydralisk x3  
  145  9:19  Infestor x2  
  149  9:25  Hydralisk x3  
  149  9:26  Hydralisk  
  149  9:29  Zerg Flyer Armor Level 1  
  157  9:39  Hydralisk x5  
  167  9:46  Hydralisk  
  167  9:47  Hydralisk x2  
  167  9:52  Hydralisk x3  
  179  10:01  Extractor  
  179  10:03  Drone x3  
  181  10:17  Hydralisk  
  181  10:19  Overlord x2  
  181  10:20  Overlord  
  183  10:28  Extractor  
  174  10:29  Extractor  
  174  10:33  Drone  
  174  10:34  Drone x2  
  174  10:35  Drone  
  177  10:39  Spore Crawler  
  177  10:40  Spore Crawler  
  177  10:41  Spore Crawler x2  
  177  10:42  Hive  
  171  10:57  Extractor  
  171  10:58  Hatchery  
  171  11:02  Extractor  
  148  11:24  Hydralisk x16  
  148  11:25  Hydralisk x9  
  184  11:34  Hydralisk x4  
  188  11:55  Zerg Ground Armor Level 3, Zerg Missile Weapons Level 3  
  188  12:05  Hydralisk x6  
  172  12:24  Hydralisk  
  172  12:25  Hydralisk x10  
  120  12:57  Hydralisk x12  
  144  13:04  Zerg Flyer Weapons Level 1  
  144  13:11  Infestor  
  146  13:24  Hydralisk x5  
  154  13:38  Hydralisk x5  
  164  13:47  Overseer  
  162  13:59  Hydralisk x8  
  157  14:24  Hydralisk x7  
  142  14:43  Corruptor x4  
  140  15:00  Corruptor  
  140  15:01  Corruptor  
  137  15:17  Corruptor x3  
  141  15:26  Corruptor  
Show
View Real Time Build Order
Export as new Build Order

SuGhandee Protoss - Winner!

Build Orders: Nexus First, Carriers, Carrier Rush 

Get SALT Encoding   

  12  0:01  Probe  
  13  0:13  Probe  
  14  0:18  Pylon  
  14  0:25  Probe  
  15  0:37  Probe (Chrono Boost)  
  16  0:49  Probe (Chrono Boost)  
  17  1:02  Nexus  
  17  1:05  Probe  
  18  1:14  Gateway  
  18  1:19  Probe  
  18  1:23  Assimilator  
  19  1:27  Assimilator  
  19  1:32  Probe (Chrono Boost)  
  20  1:44  Probe (Chrono Boost)  
  21  1:52  Probe (Chrono Boost)  
  21  1:53  Pylon  
  22  1:58  Probe  
  23  2:01  Cybernetics Core  
  23  2:09  Zealot (Chrono Boost)  
  26  2:16  Probe x2 (Chrono Boost)  
  27  2:28  Probe (Chrono Boost)  
  29  2:31  Probe (Chrono Boost)  
  29  2:33  Probe (Chrono Boost)  
  30  2:38  Probe  
  30  2:41  Stargate  
  30  2:42  Probe  
  32  2:47  Assimilator  
  32  2:49  Assimilator  
  32  2:50  Probe  
  33  2:54  Adept, Probe  
  36  3:02  Probe  
  37  3:06  Probe (Chrono Boost)  
  38  3:15  Protoss Air Weapons Level 1  
  38  3:18  Probe (Chrono Boost)  
  40  3:20  Pylon, Probe (Chrono Boost)  
  45  3:27  Probe (Chrono Boost)  
  45  3:28  Probe (Chrono Boost)  
  45  3:30  Void Ray  
  46  3:38  Probe  
  47  3:42  Stargate  
  47  3:44  Probe  
  48  3:50  Probe  
  49  3:56  Pylon, Probe  
  49  3:57  Fleet Beacon  
  50  4:03  Probe  
  50  4:08  Probe  
  52  4:22  Nexus  
  52  4:24  Pylon  
  52  4:41  Carrier (Chrono Boost)  
  52  4:44  Carrier (Chrono Boost)  
  64  4:49  Forge  
  64  4:58  Probe  
  64  4:59  Probe  
  66  5:10  Probe  
  66  5:11  Probe  
  68  5:22  Probe  
  68  5:23  Pylon, Probe  
  68  5:24  Shield Battery  
  68  5:27  Photon Cannon  
  70  5:34  Probe (Chrono Boost)  
  71  5:36  Probe (Chrono Boost)  
  71  5:41  Probe (Chrono Boost)  
  73  5:42  Gateway  
  73  5:45  Protoss Air Weapons Level 2 (Chrono Boost), Probe (Chrono Boost)  
  73  5:46  Probe (Chrono Boost)  
  73  5:47  Carrier  
  82  5:50  Probe x2 (Chrono Boost)  
  82  5:51  Assimilator, Probe (Chrono Boost)  
  82  5:55  Assimilator  
  84  6:00  Pylon, Probe  
  84  6:02  Probe  
  86  6:11  Probe  
  86  6:13  Probe  
  88  6:24  Probe, Carrier  
  101  6:29  Mothership  
  101  6:33  Pylon  
  101  6:36  Pylon  
  101  6:51  Probe x2  
  101  6:52  Photon Cannon  
  101  6:53  Photon Cannon  
  103  6:54  Shield Battery  
  103  6:56  Pylon  
  103  6:58  Carrier  
  109  7:03  Probe x2  
  109  7:07  Photon Cannon  
  111  7:08  Shield Battery  
  111  7:10  Pylon  
  113  7:15  Probe x2  
  113  7:27  Probe  
  114  7:30  Carrier  
  114  7:33  Twilight Council  
  120  7:43  Photon Cannon  
  120  7:47  Pylon  
  120  7:50  Probe  
  121  7:59  Stargate  
  121  8:03  Nexus  
  121  8:04  Pylon  
  125  8:06  Pylon  
  125  8:08  Void Ray  
  125  8:12  Charge (Chrono Boost)  
  125  8:18  Templar Archives  
  125  8:20  Gateway  
  125  8:21  Gateway  
  120  8:37  Protoss Air Weapons Level 3 (Chrono Boost)  
  116  8:48  Psionic Storm  
  124  8:58  Carrier  
  124  8:59  Void Ray x2  
  130  9:03  Cybernetics Core  
  130  9:05  Probe  
  131  9:16  Nexus, Pylon  
  131  9:19  Pylon  
  131  9:22  Photon Cannon  
  131  9:23  Shield Battery  
  131  9:25  Pylon  
  131  9:31  Assimilator  
  131  9:33  Assimilator, Cybernetics Core  
  139  9:42  Void Ray x2  
  139  9:52  Warp Gate (Chrono Boost)  
  139  9:56  Photon Cannon  
  139  9:57  Photon Cannon  
  139  9:59  Shield Battery  
  143  10:08  Void Ray  
  143  10:16  Photon Cannon  
  143  10:18  Photon Cannon  
  143  10:19  Carrier  
  153  10:23  Pylon  
  153  10:25  Void Ray  
  149  10:47  Photon Cannon  
  149  10:48  Photon Cannon  
  149  10:49  Shield Battery  
  153  10:55  Void Ray  
  157  11:13  Void Ray  
  157  11:16  Pylon  
  157  11:17  Pylon  
  157  11:19  Adept x3  
  157  11:20  Adept  
  165  11:31  Pylon  
  165  11:33  Pylon  
  165  11:39  Pylon  
  165  11:40  High Templar x3  
  170  12:03  Protoss Air Armor Level 1 (Chrono Boost)  
  170  12:04  Photon Cannon  
  170  12:05  Nexus  
  170  12:06  Photon Cannon  
  170  12:07  Pylon  
  170  12:08  Pylon  
  170  12:13  Robotics Facility  
  142  12:38  Assimilator  
  142  12:44  Assimilator  
  142  12:46  High Templar x2  
  146  13:00  Observer (Chrono Boost)  
  146  13:03  Probe x3  
  150  13:06  Assimilator  
  150  13:11  Observer (Chrono Boost)  
  151  13:15  Nexus, Probe x2  
  151  13:17  Pylon  
  153  13:25  High Templar x3  
  155  13:30  Archon  
  159  13:46  Mothership (Chrono Boost)  
  163  14:08  Void Ray x3  
  159  14:51  Void Ray x3  
  159  14:59  Photon Cannon  
  158  15:02  Shield Battery  
  158  15:06  Photon Cannon  
Tags
 
Add a new tag
Caveats
  • Supply blocks, unpowered buildings, or Contaminate may cause inaccurate times.
  • Supply counts are checked every 10 seconds.